| TOP OF THE 1ST |
|
Milwaukee Brewers batting - Pitching for Boston Red Sox : LHP Victor Rose
|
|
Pitching: LHP Victor Rose
|
|
|
Batting: SHB Alfredo Griffin
|
0-0: Called Strike 0-1: SINGLE (Line Drive, 78M, EV 91.3 MPH)
|
|
Batting: SHB Eddie Murray
|
0-0: Called Strike 0-1: Foul Ball, location: 2F 0-2: Foul Ball, location: 2F 0-2: Foul Ball, location: 2F 0-2: Ball 1-2: Ball 2-2: Strikes out looking
|
|
Batting: RHB Eric Davis
|
0-0: Fielders Choice at 2nd, 3-6 (Groundball, 34, EV 83.8 MPH)
|
|
Batting: RHB Mike Schmidt
|
0-0: Ball 1-0: Swinging Strike 1-1: Called Strike 1-2: Ball Eric Davis steals 2nd base (no throw) 2-2: Strikes out swinging
|
| Top of the 1st over - 0 runs, 1 hit, 0 errors, 1 left on base; Milwaukee 0 - Boston 0 |
| BOTTOM OF THE 1ST |
|
Boston Red Sox batting - Pitching for Milwaukee Brewers : RHP Roy Smith
|
|
Pitching: RHP Roy Smith
|
|
|
Batting: SHB Dave Collins
|
0-0: Ball 1-0: Called Strike 1-1: Called Strike 1-2: Ball 2-2: Foul Ball, location: 2F 2-2: Strikes out swinging
|
|
Batting: LHB Willie Aikens
|
0-0: Ball 1-0: Ground out 4-3 (Groundball, 4, EV 88.8 MPH)
|
|
Batting: LHB George Brett
|
0-0: Foul Ball, location: 2F 0-1: Ball 1-1: SINGLE (Line Drive, 6D, EV 97.5 MPH)
|
|
Batting: RHB Richie Zisk
|
0-0: SINGLE (Groundball, 34D, EV 100.0 MPH) George Brett to second Runner from 2nd tries for 3rd, SAFE, throw by RF made to third
|
|
Batting: SHB Scotti Madison
|
0-0: Ball 1-0: Ball 2-0: SINGLE (Groundball, 4MD, EV 103.1 MPH) George Brett scores Richie Zisk to second Runner from 2nd tries for 3rd, SAFE, no throw by CF
|
|
Batting: LHB Daryl Sconiers
|
0-0: Foul Ball, location: 2F 0-1: Fly out, F8 (Line Drive, 78M, EV 109.4 MPH)
|
| Bottom of the 1st over - 1 run, 3 hits, 0 errors, 2 left on base; Milwaukee 0 - Boston 1 |
| TOP OF THE 2ND |
|
Milwaukee Brewers batting - Pitching for Boston Red Sox : LHP Victor Rose
|
|
Batting: RHB Ken Landreaux
|
0-0: Called Strike 0-1: Foul Ball, location: 2F 0-2: Strikes out swinging, 2-3 out at first.
|
|
Batting: RHB Thurman Munson
|
0-0: Swinging Strike 0-1: Ball 1-1: Called Strike 1-2: Ball 2-2: Foul Ball, location: 2F 2-2: Foul Ball, location: 2F 2-2: Foul Ball, location: 2F 2-2: Strikes out swinging
|
|
Batting: LHB Denny Walling
|
0-0: Called Strike 0-1: Ball 1-1: Ground out 4-3 (Groundball, 4, EV 81.3 MPH)
|
| Top of the 2nd over - 0 runs, 0 hits, 0 errors, 0 left on base; Milwaukee 0 - Boston 1 |
| BOTTOM OF THE 2ND |
|
Boston Red Sox batting - Pitching for Milwaukee Brewers : RHP Roy Smith
|
|
Batting: RHB Kevin Klettke
|
0-0: Ground out 6-3 (Groundball, 56D, EV 102.5 MPH)
|
|
Batting: RHB Josh Grimes
|
0-0: Ball 1-0: Fly out, F3 (Flyball, 3D, EV 86.3 MPH)
|
|
Batting: SHB Nelson Norman
|
0-0: Called Strike 0-1: Foul Ball, location: 2F 0-2: Ball 1-2: Ball 2-2: Strikes out swinging
|
| Bottom of the 2nd over - 0 runs, 0 hits, 0 errors, 0 left on base; Milwaukee 0 - Boston 1 |
| TOP OF THE 3RD |
|
Milwaukee Brewers batting - Pitching for Boston Red Sox : LHP Victor Rose
|
|
Batting: RHB Glenn Davis
|
0-0: Called Strike 0-1: Ground out 6-3 (Groundball, 6D, EV 103.8 MPH)
|
|
Batting: RHB Steve Sax
|
0-0: Ball 1-0: Ball 2-0: DOUBLE (Groundball, 3L, EV 95.0 MPH)
|
|
Batting: SHB Alfredo Griffin
|
0-0: Called Strike Steve Sax steals 3rd base (no throw) 0-1: Ball 1-1: SINGLE (Groundball, 3D, EV 97.5 MPH) Steve Sax scores
|
|
Batting: SHB Eddie Murray
|
0-0: Ball 1-0: Ball 2-0: Fly out, F6 (Popup, 6MS, EV 84.4 MPH)
|
|
Batting: RHB Eric Davis
|
0-0: Ball 1-0: Ball 2-0: Ball 3-0: Called Strike 3-1: Base on Balls Alfredo Griffin to second
|
|
Batting: RHB Mike Schmidt
|
0-0: Ball 1-0: Ball 2-0: Ball 3-0: Hit by Pitch Alfredo Griffin to third Eric Davis to second
|
|
Batting: RHB Ken Landreaux
|
0-0: Ball 1-0: Called Strike 1-1: Ball 2-1: Foul Ball, location: 2F 2-2: Strikes out swinging
|
| Top of the 3rd over - 1 run, 2 hits, 0 errors, 3 left on base; Milwaukee 1 - Boston 1 |
| BOTTOM OF THE 3RD |
|
Boston Red Sox batting - Pitching for Milwaukee Brewers : RHP Roy Smith
|
|
Batting: SHB Dave Collins
|
0-0: Called Strike 0-1: Ball 1-1: Ball 2-1: Ball 3-1: Foul Ball, location: 2F 3-2: Foul Ball, location: 2F 3-2: Foul Ball, location: 2F 3-2: Fly out, F7 (Flyball, 78M, EV 90.6 MPH)
|
|
Batting: LHB Willie Aikens
|
0-0: Called Strike 0-1: Ball 1-1: Swinging Strike 1-2: Ball 2-2: Ball 3-2: Fly out, F4 (Popup, 4, EV 66.3 MPH)
|
|
Batting: LHB George Brett
|
0-0: Ground out 6-3 (Groundball, 6S, EV 71.3 MPH)
|
| Bottom of the 3rd over - 0 runs, 0 hits, 0 errors, 0 left on base; Milwaukee 1 - Boston 1 |
| TOP OF THE 4TH |
|
Milwaukee Brewers batting - Pitching for Boston Red Sox : LHP Victor Rose
|
|
Batting: RHB Thurman Munson
|
0-0: Ball 1-0: Ball 2-0: Called Strike 2-1: Called Strike 2-2: Strikes out swinging
|
|
Batting: LHB Denny Walling
|
0-0: Ball 1-0: Foul Ball, location: 2F 1-1: Swinging Strike 1-2: Foul Ball, location: 2F 1-2: Ball 2-2: Strikes out looking
|
|
Batting: RHB Glenn Davis
|
0-0: Ball 1-0: Ground out 4-3 (Groundball, 4D, EV 100.0 MPH)
|
| Top of the 4th over - 0 runs, 0 hits, 0 errors, 0 left on base; Milwaukee 1 - Boston 1 |
| BOTTOM OF THE 4TH |
|
Boston Red Sox batting - Pitching for Milwaukee Brewers : RHP Roy Smith
|
|
Batting: RHB Richie Zisk
|
0-0: Called Strike 0-1: DOUBLE (Groundball, 5L, EV 108.1 MPH)
|
|
Batting: SHB Scotti Madison
|
0-0: Ball 1-0: Foul Ball, location: 2F 1-1: Ball 2-1: Ground out 6-3 (Groundball, 6, EV 101.3 MPH)
|
|
Batting: LHB Daryl Sconiers
|
0-0: Swinging Strike 0-1: Ball 1-1: Swinging Strike 1-2: Ball 2-2: Strikes out swinging
|
|
Batting: RHB Kevin Klettke
|
0-0: Called Strike 0-1: Ground out 6-3 (Groundball, 6D, EV 76.9 MPH)
|
| Bottom of the 4th over - 0 runs, 1 hit, 0 errors, 1 left on base; Milwaukee 1 - Boston 1 |
| TOP OF THE 5TH |
|
Milwaukee Brewers batting - Pitching for Boston Red Sox : LHP Victor Rose
|
|
Batting: RHB Steve Sax
|
0-0: Ball 1-0: Ball 2-0: Swinging Strike 2-1: Ground out 3-1 (Groundball, 34S, EV 85.0 MPH)
|
|
Batting: SHB Alfredo Griffin
|
0-0: Ground out 6-3 (Groundball, 6S, EV 85.6 MPH)
|
|
Batting: SHB Eddie Murray
|
0-0: Foul Ball, location: 2F 0-1: Ball 1-1: Ball 2-1: Called Strike 2-2: Foul Ball, location: 2F 2-2: Strikes out swinging
|
| Top of the 5th over - 0 runs, 0 hits, 0 errors, 0 left on base; Milwaukee 1 - Boston 1 |
| BOTTOM OF THE 5TH |
|
Boston Red Sox batting - Pitching for Milwaukee Brewers : RHP Roy Smith
|
|
Batting: RHB Josh Grimes
|
0-0: Called Strike 0-1: Ball 1-1: Called Strike 1-2: Ball 2-2: Ball 3-2: Ground out 4-3 (Groundball, 4S, EV 85.0 MPH)
|
|
Batting: SHB Nelson Norman
|
0-0: Called Strike 0-1: Ball 1-1: Ball 2-1: Swinging Strike 2-2: Foul Ball, location: 2F 2-2: Fly out, F8 (Flyball, 8RM, EV 98.1 MPH)
|
|
Batting: SHB Dave Collins
|
0-0: DOUBLE (Flyball, 78D, EV 100.0 MPH)
|
|
Batting: LHB Willie Aikens
|
0-0: Ball 1-0: Ball 2-0: Ball 3-0: Called Strike 3-1: Foul Ball, location: 2F 3-2: Foul Ball, location: 2F 3-2: DOUBLE (Line Drive, 78M, EV 94.4 MPH) Dave Collins scores
|
|
Batting: LHB George Brett
|
0-0: Foul Ball, location: 2F 0-1: Ball 1-1: Foul Ball, location: 2F 1-2: Ground out 6-3 (Groundball, 56D, EV 103.1 MPH)
|
| Bottom of the 5th over - 1 run, 2 hits, 0 errors, 1 left on base; Milwaukee 1 - Boston 2 |
| TOP OF THE 6TH |
|
Milwaukee Brewers batting - Pitching for Boston Red Sox : LHP Victor Rose
|
|
Batting: RHB Eric Davis
|
0-0: Called Strike 0-1: Ball 1-1: Foul Ball, location: 2F 1-2: Strikes out swinging
|
|
Batting: RHB Mike Schmidt
|
0-0: Ball 1-0: Ball 2-0: Ball 3-0: Base on Balls
|
|
Batting: RHB Ken Landreaux
|
0-0: Ball 1-0: Called Strike 1-1: Ball 2-1: Ball 3-1: Called Strike 3-2: Foul Ball, location: 2F 3-2: Strikes out swinging
|
|
Batting: RHB Thurman Munson
|
0-0: Fly out, F8 (Flyball, 78M, EV 73.8 MPH)
|
| Top of the 6th over - 0 runs, 0 hits, 0 errors, 1 left on base; Milwaukee 1 - Boston 2 |
| BOTTOM OF THE 6TH |
|
Boston Red Sox batting - Pitching for Milwaukee Brewers : RHP Roy Smith
|
|
Batting: RHB Richie Zisk
|
0-0: Ball 1-0: Swinging Strike 1-1: Foul Ball, location: 2F 1-2: Foul Ball, location: 2F 1-2: Strikes out swinging
|
|
Batting: SHB Scotti Madison
|
0-0: Ball 1-0: Called Strike 1-1: Called Strike 1-2: Ball 2-2: Strikes out swinging
|
|
Batting: LHB Daryl Sconiers
|
0-0: Called Strike 0-1: Fly out, F9 (Flyball, 9LS, EV 86.9 MPH)
|
| Bottom of the 6th over - 0 runs, 0 hits, 0 errors, 0 left on base; Milwaukee 1 - Boston 2 |
| TOP OF THE 7TH |
|
Milwaukee Brewers batting - Pitching for Boston Red Sox : LHP Victor Rose
|
|
Batting: LHB Denny Walling
|
0-0: Called Strike 0-1: Ball 1-1: Ball 2-1: Ball 3-1: Called Strike 3-2: Foul Ball, location: 2F 3-2: Base on Balls
|
|
Pitching: LHP Gary Pickert
|
|
|
Batting: RHB Glenn Davis
|
0-0: Ball 1-0: Called Strike 1-1: Ball 2-1: Fly out, F8 (Flyball, 8RXD, EV 76.9 MPH)
|
|
Batting: RHB Steve Sax
|
0-0: Ball 1-0: SINGLE (Groundball, 13S, EV 65.0 MPH) (infield hit) Denny Walling to second
|
|
Pinch Hitting: LHB Von Hayes
|
0-0: Ball 1-0: Ball 2-0: Foul Ball, location: 2F 2-1: Swinging Strike 2-2: Ball 3-2: Foul Ball, location: 2F 3-2: Foul Ball, location: 2F 3-2: Fielders Choice at 2nd, 6-4 (Groundball, 6S, EV 83.1 MPH) Denny Walling to third
|
|
Batting: SHB Eddie Murray
|
0-0: Ball 1-0: Swinging Strike 1-1: Ball 2-1: Fly out, F9 (Flyball, 89S, EV 86.9 MPH)
|
| Top of the 7th over - 0 runs, 1 hit, 0 errors, 2 left on base; Milwaukee 1 - Boston 2 |
| BOTTOM OF THE 7TH |
|
Boston Red Sox batting - Pitching for Milwaukee Brewers : RHP Roy Smith
|
|
Now at 3B: Von Hayes
|
|
|
Batting: RHB Kevin Klettke
|
0-0: Ball 1-0: Foul Ball, location: 2F 1-1: Swinging Strike 1-2: Ball 2-2: Ball 3-2: Foul Ball, location: 2F 3-2: Foul Ball, location: 2F 3-2: Base on Balls
|
|
Pinch Runner at 1st Albert Hall:
|
|
|
Batting: RHB Josh Grimes
|
0-0: Bunted foul 0-1: Ball 1-1: Ball 2-1: Bunted foul 2-2: SINGLE (Line Drive, 8RS, EV 101.3 MPH) Albert Hall to second Runner from 2nd tries for 3rd, SAFE, throw by CF made to third
|
|
Batting: SHB Nelson Norman
|
0-0: Called Strike 0-1: Foul Ball, location: 2F 0-2: Ball 1-2: DOUBLE (Line Drive, 5D, EV 93.8 MPH) Albert Hall scores Josh Grimes to third Runner from 3rd tries for Home, SAFE, throw by LF to home
|
|
Batting: SHB Dave Collins
|
0-0: Ball 1-0: Called Strike 1-1: Fly out, F8 (Flyball, 8LM, EV 89.4 MPH) Runner from 2nd tags up, SAFE at 3rd with throw by CF
|
|
Batting: LHB Willie Aikens
|
0-0: Ball 1-0: Ball 2-0: Foul Ball, location: 2F 2-1: Called Strike 2-2: Ball 3-2: Foul Ball, location: 2F 3-2: DOUBLE (Line Drive, 89D, EV 107.5 MPH) Nelson Norman scores
|
|
Pitching: RHP Ron Robinson
|
|
|
Batting: LHB George Brett
|
0-0: Called Strike 0-1: Called Strike 0-2: SINGLE (Line Drive, 89S, EV 98.1 MPH) Willie Aikens to third Runner from 3rd tries for Home, SAFE, throw by CF to home
|
|
Batting: RHB Richie Zisk
|
0-0: Ball 1-0: Called Strike 1-1: Ball 2-1: Ball 3-1: Base on Balls George Brett to second
|
|
Batting: SHB Scotti Madison
|
0-0: Foul Ball, location: 2F 0-1: Swinging Strike 0-2: Grounds into double play, 4-6-3 (Groundball, 4, EV 80.6 MPH)
|
| Bottom of the 7th over - 4 runs, 4 hits, 0 errors, 1 left on base; Milwaukee 1 - Boston 6 |
| TOP OF THE 8TH |
|
Milwaukee Brewers batting - Pitching for Boston Red Sox : LHP Gary Pickert
|
|
Now at 2B: Jeff Burroughs
|
|
|
Now in RF: Claudell Washington
|
|
|
Batting: RHB Eric Davis
|
0-0: Called Strike 0-1: Ball 1-1: Called Strike 1-2: Ball 2-2: SOLO HOME RUN (Flyball, 78XD, EV 93.8 MPH), Distance : 422 ft
|
|
Batting: RHB Mike Schmidt
|
0-0: Called Strike 0-1: Ball 1-1: Ball 2-1: Called Strike 2-2: Strikes out swinging
|
|
Batting: RHB Ken Landreaux
|
0-0: Fly out, F7 (Line Drive, 7D, EV 86.9 MPH)
|
|
Batting: RHB Thurman Munson
|
0-0: Ball 1-0: SINGLE (Line Drive, 7S, EV 94.4 MPH)
|
|
Batting: LHB Denny Walling
|
0-0: Ball 1-0: Ball 2-0: Ball 3-0: Called Strike 3-1: Called Strike 3-2: Foul Ball, location: 2F 3-2: Foul Ball, location: 2F 3-2: Foul Ball, location: 2F 3-2: Foul Ball, location: 2F 3-2: Base on Balls Thurman Munson to second
|
|
Batting: RHB Glenn Davis
|
0-0: Ball 1-0: Ball 2-0: DOUBLE (Line Drive, 5D, EV 95.6 MPH) Thurman Munson scores Denny Walling to third Runner from 3rd tries for Home, SAFE, throw by LF to home
|
|
Pitching: RHP Luis Albo
|
|
|
Batting: RHB Steve Sax
|
0-0: Ball 1-0: Called Strike 1-1: Foul Ball, location: 2F 1-2: Strikes out swinging
|
| Top of the 8th over - 3 runs, 3 hits, 0 errors, 1 left on base; Milwaukee 4 - Boston 6 |
| BOTTOM OF THE 8TH |
|
Boston Red Sox batting - Pitching for Milwaukee Brewers : RHP Ron Robinson
|
|
Batting: LHB Daryl Sconiers
|
0-0: Ground out 5-3 (Groundball, 5, EV 83.1 MPH)
|
|
Batting: RHB Jeff Burroughs
|
0-0: Called Strike 0-1: Foul Ball, location: 2F 0-2: Ball 1-2: Ball 2-2: Ball 3-2: Foul Ball, location: 2F 3-2: SOLO HOME RUN (Flyball, 9D, EV 103.1 MPH), Distance : 407 ft
|
|
Batting: RHB Josh Grimes
|
0-0: Called Strike 0-1: Ball 1-1: Foul Ball, location: 2F 1-2: Fly out, F9 (Flyball, 9S, EV 92.5 MPH)
|
|
Batting: SHB Nelson Norman
|
0-0: Called Strike 0-1: Foul Ball, location: 2F 0-2: Ball 1-2: SINGLE (Line Drive, 7LS, EV 104.4 MPH)
|
|
Batting: LHB Claudell Washington
|
0-0: Ball 1-0: SINGLE (Line Drive, 7LS, EV 104.4 MPH) Nelson Norman to second
|
|
Batting: LHB Willie Aikens
|
0-0: Swinging Strike 0-1: Ball 1-1: Called Strike 1-2: Foul Ball, location: 2F 1-2: SINGLE (Line Drive, 7S, EV 105.0 MPH) Nelson Norman to third Claudell Washington to second Runner from 3rd tries for Home, SAFE, throw by LF to home Claudell Washington to third Willie Aikens to second
|
|
Batting: LHB George Brett
|
0-0: Ball 1-0: Called Strike 1-1: Fly out, F8 (Line Drive, 8RD, EV 99.4 MPH)
|
| Bottom of the 8th over - 2 runs, 4 hits, 0 errors, 2 left on base; Milwaukee 4 - Boston 8 |
| TOP OF THE 9TH |
|
Milwaukee Brewers batting - Pitching for Boston Red Sox : RHP Luis Albo
|
|
Batting: LHB Von Hayes
|
0-0: Hit by Pitch
|
|
Batting: SHB Eddie Murray
|
0-0: Called Strike 0-1: SINGLE (Line Drive, 9S, EV 94.4 MPH) Von Hayes to second
|
|
Batting: RHB Eric Davis
|
0-0: Swinging Strike 0-1: Foul Ball, location: 2F 0-2: Foul Ball, location: 2F 0-2: Foul Ball, location: 2F 0-2: Ball 1-2: Foul Ball, location: 2F 1-2: Ball 2-2: Fly out, F8 (Flyball, 89S, EV 86.9 MPH)
|
|
Batting: RHB Mike Schmidt
|
0-0: Called Strike 0-1: Called Strike 0-2: Strikes out swinging
|
|
Batting: RHB Ken Landreaux
|
0-0: Fielders Choice at 2nd, 6-4 (Groundball, 6, EV 95.0 MPH)
|
| Top of the 9th over - 0 runs, 1 hit, 0 errors, 2 left on base; Milwaukee 4 - Boston 8 |
|